 Dungeon Crawl Stone Soup version 0.17-a0-1979-g1c74939 (webtiles) character file.

246 derrpe the Conjurer (level 5, 0/41 HPs)
             Began as a Mummy Conjurer on Oct 5, 2015.
             Slain by a centaur (5 damage)
             ... on level 3 of the Dungeon.
             The game lasted 00:07:43 (6112 turns).

derrpe the Conjurer (Mummy Conjurer)                Turns: 6112, Time: 00:07:43

Health: 0/41       AC:  4    Str: 11    XL:     5   Next: 84%
Magic:  0/8        EV: 15    Int: 15    God:
Gold:   93         SH:  0    Dex: 13    Spells: 3 memorised, 1 level left

rFire  x . .     SeeInvis .     o - +2 dagger (flame)
rCold  + . .     Clarity  .     c - +0 robe
rNeg   + + +     SustAt   .     (no shield)
rPois  ∞         Gourm    .     e - +2 hat
rElec  .         Spirit   .     (no cloak)
rCorr  .         Warding  .     (no gloves)
rMut   .         Stasis   .     (no boots)
MR     .....                    (no amulet)
Stlth  ++........               q - +3 ring of evasion
                                l - ring of invisibility

@: not resistant to hostile enchantments, unstealthy
A: no food or potions, fire vulnerability, cold resistance 1, negative energy
resistance 3, torment resistance, unbreathing
a: Evoke Invisibility


You were on level 3 of the Dungeon.
You were not hungry.

You visited 1 branch of the dungeon, and saw 3 of its levels.

You collected 93 gold pieces.

Inventory:

Hand Weapons
 a - a +0 hunting sling
 b - a +0 club
 o - a +2 dagger of flaming (weapon)
Missiles
 h - 19 stones (quivered)
 i - 18 bolts
 m - 15 arrows
 t - 31 poisoned needles
Armour
 c - a +0 robe (worn)
 e - a +2 hat (worn)
Magical Staves
 r - an uncursed staff of death
Jewellery
 l - a ring of invisibility (left hand)
 q - a +3 ring of evasion (right hand)
Scrolls
 d - 3 scrolls of blinking {unknown}
 g - 2 scrolls of immolation {unknown}
 j - 3 scrolls of identify {unknown}
 k - a scroll of magic mapping {unknown}
 n - 2 scrolls of enchant weapon {unknown}
 p - 3 scrolls of remove curse {unknown}
 s - 3 scrolls of teleportation {unknown}
 u - a scroll of random uselessness {unknown}
 v - 2 scrolls of fear {unknown}
Books
 f - a book of Conjurations

   Spells                             Type                      Level
   a - Magic Dart                     Conjuration                  1
   b - Searing Ray                    Conjuration                  2
   c - Dazzling Spray                 Conjuration/Hexes            3
   d - Fulminant Prism                Conjuration/Hexes            4
   e - Iskenderun's Mystic Blast      Conjuration                  4
   f - Iskenderun's Battlesphere      Conjuration/Charms           5


   Skills:
 + Level 3.0 Fighting
 + Level 2.5 Dodging
 - Level 1.5 Stealth
 * Level 2.0 Spellcasting
 * Level 4.8 Conjurations


You had one spell level left.
You knew the following spells:

 Your Spells              Type           Power        Failure   Level  Hunger
a - Magic Dart            Conj           ###.         3%          1    N/A
b - Searing Ray           Conj           ###...       6%          2    N/A
c - Iskenderun's Mystic   Conj           ###.....     34%         4    N/A

Dungeon Overview and Level Annotations

Branches:
Dungeon (3/15)

Altars:
Kikubaaqudgha
Nemelex Xobeh


Innate Abilities, Weirdness & Mutations

You do not eat or drink.
Your flesh is vulnerable to fire.
You are immune to poison.
Your flesh is cold resistant.
You are immune to negative energy.
You are immune to unholy pain and torment.
You can survive without breathing.


Message History

Confirm with . or Enter, or press ? or * to list all spells.
Aiming: Searing Ray
Press: ? - help, Shift-Dir - straight line, f/p - centaur
Aim: a centaur (heavily wounded)
The searing ray hits the centaur.
The centaur is severely wounded.
The centaur hits you!
* * * LOW HITPOINT WARNING * * *
The searing ray hits the centaur.
The centaur is severely wounded.
The centaur hits you but does no damage.
The centaur barely misses you.
You can't drink.
You barely miss the centaur.
The centaur is severely wounded.
The centaur hits you but does no damage.
You hit the centaur but do no damage.
The centaur is severely wounded.
The centaur barely misses you. The centaur hits you.
You die...

....c.........##......#
..............##......#
#...........''......#
#...........##......#
#.....(..............
#......(........###...
########........#
#.c......# ##@######
#....# ####.# #.#######
### #.......# #..
#######.# #.# #.# #.#
#.# #.# #.# #.#


You could see a centaur.

Vanquished Creatures
  A scorpion (D:3)
  An orc priest (D:3)
  A gnoll (D:3)
  8 adders
  2 worms (D:2)
  3 giant geckos
  5 orcs (D:3)
  12 bats
  4 goblins
  9 hobgoblins
  11 jackals
  6 kobolds
  2 quokkas (D:2)
  2 giant cockroaches (D:1)
  2 giant newts
  8 rats
77 creatures vanquished.

Notes
Turn   | Place    | Note
--------------------------------------------------------------
     0 | D:1      | derrpe the Mummy Conjurer began the quest for the Orb.
     0 | D:1      | Reached XP level 1. HP: 13/13 MP: 3/3
   262 | D:1      | Reached skill level 1 in Fighting
   393 | D:1      | Reached XP level 2. HP: 21/21 MP: 1/5
  1671 | D:2      | Learned a level 2 spell: Searing Ray
  1999 | D:2      | Reached XP level 3. HP: 23/27 MP: 0/6
  3238 | D:2      | Reached XP level 4. HP: 33/33 MP: 2/7
  3416 | D:2      | Reached skill level 4 in Conjurations
  3850 | D:2      | Found an ancient bone altar of Kikubaaqudgha.
  4091 | D:2      | Found a sparkling altar of Nemelex Xobeh.
  4688 | D:3      | Reached XP level 5. HP: 11/39 MP: 1/8
  6067 | D:3      | Noticed a centaur
  6075 | D:3      | Learned a level 4 spell: Iskenderun's Mystic Blast
  6112 | D:3      | Slain by a centaur

Vault maps used:
D:1:      nagdon_arrival_zigzag_paths
D:2:      lemuel_crystal_altar, nemelex_diamond_rough_becter

Action                   |  1- 3 |  4- 6 || total
-------------------------+-------+-------++-------
Melee: Unarmed           |     3 |       ||     3
       Club              |     6 |       ||     6
       Dagger            |       |    22 ||    22
 Fire: Hunting sling     |    23 |       ||    23
 Cast: Magic Dart        |   106 |    96 ||   202
       Searing Ray       |     1 |     6 ||     7
 Stab: Sleeping          |     1 |       ||     1
